 Dungeon Crawl Stone Soup version 0.17-a0-877-ga10078a (webtiles) character file.

195675 FedoraBrony69 the Tortoise (level 18, -14/168 HPs)
             Began as a Minotaur Berserker on Apr 30, 2015.
             Was the Champion of Trog.
             Shot with an arrow by a deep elf master archer (22 damage)
             ... on level 3 of the Elven Halls.
             The game lasted 01:58:23 (30917 turns).

FedoraBrony69 the Tortoise (Minotaur Berserker)    Turns: 30917, Time: 01:58:23

Health: -14/168    AC: 18    Str: 39    XL:     18   Next: 13%
Magic:  23/23      EV: 14    Int:  6    God:    Trog [******]
Gold:   3395       SH: 26    Dex: 16    Spells: 0 memorised, 17 levels left

rFire  . . .     SeeInvis .     T - +7 flail of Bach {crush, rElec Str+3}
rCold  . . .     Clarity  .     Q - +1 plate armour of Minor Irritation {Str+8 Dex-2}
rNeg   . . .     SustAb   .     E - +1 large shield {rPois}
rPois  +         Gourm    .     (helmet unavailable)
rElec  +         Spirit   .     h - +0 cloak {+Inv}
rCorr  .         Warding  .     C - +2 pair of gloves
rMut   +         Stasis   .     R - +0 pair of boots
MR     +++++                    a - amulet of resist mutation
Stlth  ..........               t - +4 ring of dexterity
                                V - ring of Inwolemi {+Inv MR++ Slay+3}

@: exhausted, about to teleport, corroded equipment, regenerating, slowed, very
slow, almost entirely resistant to hostile enchantments, extremely unstealthy
A: retaliatory headbutt, claws 1, fangs 1, horns 3, thin skeletal structure 1,
camouflage 1, blink 1, clever 1, deterioration 1, poison resistance, shaggy fur
1, electricity resistance
a: Blink, Burn Spellbooks, Berserk, Trog's Hand, Brothers in Arms, Renounce
Religion, Evoke Invisibility


You were on level 3 of the Elven Halls.
You worshipped Trog.
Trog was exalted by your worship.
You were very hungry.

You visited 5 branches of the dungeon, and saw 31 of its levels.
You also visited: Ice Cave, Volcano and Wizlab.

You collected 4523 gold pieces.
You spent 1128 gold pieces at shops.

Inventory:

Hand weapons
 v - a +5 antimagic eveningstar
 G - a +1 antimagic morningstar
 T - the +7 flail of Bach (weapon) {crush, rElec Str+3}
   (You found it on level 12 of the Dungeon)

   It inflicts extra damage upon your enemies.
   It affects your strength (+3).
   It insulates you from electricity.
Armour
 h - a +0 cloak of invisibility (worn)
 n - a +2 hat
 C - a +2 pair of gloves (worn)
 E - a +1 large shield of poison resistance (worn)
 Q - the +1 plate armour of Minor Irritation (worn) {Str+8 Dex-2}
   (You found it on level 1 of the Lair of Beasts)

   It affects your strength (+8).
   It affects your dexterity (-2).
 R - a +0 pair of boots (worn)
Magical staves
 o - an uncursed staff of death {unknown}
Jewellery
 a - an amulet of resist mutation (around neck)
 t - a +4 ring of dexterity (right hand)
 M - an uncursed amulet of warding
 V - the ring of Inwolemi (left hand) {+Inv MR++ Slay+3}
   (You found it in an ice cave)

   [ring of slaying]

   It affects your accuracy and damage with ranged weapons and melee attacks
   (+3).
   It affects your resistance to hostile enchantments.
   It lets you turn invisible.
 X - an uncursed amulet of resist corrosion
Magical devices
 b - a wand of digging (4)
 p - a wand of teleportation (5)
 J - a wand of flame (26)
 K - a wand of heal wounds (3)
 S - a wand of slowing (16)
Scrolls
 g - 5 scrolls of summoning {unknown}
 j - 3 scrolls of blinking
 k - a scroll of fear
 m - 11 scrolls of remove curse
 r - 10 scrolls of fog
 w - 6 scrolls of identify
 y - 5 scrolls of teleportation
 D - 2 scrolls of enchant armour
 H - a scroll of silence {unknown}
 O - a scroll of recharging
Potions
 i - 2 potions of haste
 l - 10 potions of curing
 s - a potion of cancellation {unknown}
 x - 5 potions of might
 z - 3 potions of resistance
 B - a potion of brilliance
 F - 6 potions of cure mutation
 N - 3 potions of agility
 Y - a potion of heal wounds
Books
 d - a book of Transfigurations

   Spells                             Type                      Level
   a - Stoneskin                      Transmutation/Earth          2
   b - Irradiate                      Conjuration/Transmutation    5
   c - Statue Form                    Transmutation/Earth          6
   d - Hydra Form                     Transmutation                6
   e - Dragon Form                    Transmutation                7
   Trog disapproves of the use of such an item.
 e - Cigotuvi's Guide on Shifting Necromancy
   (You found it in a wizard's laboratory)

   Spells                             Type                      Level
   a - Regeneration                   Charms/Necromancy            3
   b - Spider Form                    Transmutation/Poison         3
   c - Bolt of Draining               Conjuration/Necromancy       5
   d - Agony                          Necromancy                   5
   e - Cigotuvi's Embrace             Necromancy                   5
   f - Blade Hands                    Transmutation                5
   g - Death Channel                  Necromancy                   6
   h - Dragon Form                    Transmutation                7
   Trog disapproves of the use of such an item.
 f - a book of Transfigurations

   Spells                             Type                      Level
   a - Stoneskin                      Transmutation/Earth          2
   b - Irradiate                      Conjuration/Transmutation    5
   c - Statue Form                    Transmutation/Earth          6
   d - Hydra Form                     Transmutation                6
   e - Dragon Form                    Transmutation                7
   Trog disapproves of the use of such an item.
 P - a book of Flames

   Spells                             Type                      Level
   a - Flame Tongue                   Conjuration/Fire             1
   b - Throw Flame                    Conjuration/Fire             2
   c - Conjure Flame                  Conjuration/Fire             3
   d - Inner Flame                    Hexes/Fire                   3
   e - Sticky Flame                   Conjuration/Fire             4
   f - Fireball                       Conjuration/Fire             5
   Trog disapproves of the use of such an item.
Comestibles
 c - 18 bread rations
 u - 15 meat rations
 A - 4 beef jerkies
 L - 2 royal jellies
 W - 15 fruits


   Skills:
 + Level 16.5 Fighting
 - Level 16.1 Maces & Flails
 - Level 20.2 Armour
 - Level 10.1 Dodging
 * Level 18.2 Shields
 * Level 8.3 Evocations


You had 17 spell levels left.
You didn't know any spells.

Dungeon Overview and Level Annotations

Branches:
Dungeon (15/15)            Temple (1/1) D:4            Lair (8/8) D:8
 Shoals (0/4) Lair:5       Spider (0/4) Lair:4        Slime (0/6) Lair:8
    Orc (4/4) D:12            Elf (3/3) Orc:4        Vaults (0/5) D:14
 Depths (0/5) D:15

Altars:
Ashenzari
Cheibriados
Dithmenos
Elyvilon
Fedhas
Gozag
Kikubaaqudgha
Makhleb
Nemelex Xobeh
Okawaru
Qazlal
Ru
Sif Muna
Trog
Vehumet
Xom
Yredelemnul
Zin
The Shining One
Beogh

Shops:
D:11 [   D:13 =(   Orc:1 ?   Orc:2 }   Orc:4 *}*(   Elf:1 *


Innate Abilities, Weirdness & Mutations

You reflexively headbutt those who attack you in melee.
You have a pair of large horns on your head.
You have sharp fingernails.
You have very sharp teeth.
You have a somewhat thin skeletal structure (Dex +2, Stealth).
Your skin changes colour to match your surroundings (Stealth).
You can translocate small distances at will.
Your mind is acute. (Int +2)
Your body sometimes deteriorates upon taking damage.
Your system is resistant to poisons.
You are covered in fur (AC +1).
You are resistant to electric shocks.


Message History

You are no longer berserk.
You are exhausted.
You feel yourself slow down.
You are feeling very hungry.
Read which item? (? for menu, Esc to quit)
As you read the scroll of teleportation, it crumbles to dust.
You feel strangely unstable.
The deep elf sorcerer points at you and mumbles some strange words.
The bolt of acid hits you!
* * * LOW HITPOINT WARNING * * *
The acid corrodes your equipment!
The acid burns!
* * * LOW HITPOINT WARNING * * *
The deep elf high priest unwields an uncursed shortbow.
The deep elf high priest wields an uncursed long sword.
The deep elf high priest hits something with an uncursed long sword.
The deep elf sorcerer gestures at you while chanting.
You resist with almost no effort.
The deep elf master archer shoots an arrow.
The arrow hits you!!
You die...

##....(..##(#
##......##(#
#+######(.# #.##
#(# #)# #)# #(# #@#
#.# ###.### .#
###.ee(.###
...###.P.e(ยง...###
..........).e......
........C).........
........(..........
.........).#.......


You could see a deep elf master archer, 2 deep elf sorcerers and a deep elf high
priest.

Vanquished Creatures
  A tentacled monstrosity (WizLab)
  Jorgrun (Elf:2)
  A deep elf blademaster (Elf:3)
  A deep elf master archer (Elf:3)
  A sphinx (D:15)
  Agnes (D:14)
  Frances (D:12)
  A storm dragon (D:15)
  An azure jelly (D:14)
  2 frost giants (D:15)
  An orc warlord (Orc:2)
  Louise (Elf:2)
  5 deep elf sorcerers
  4 very ugly things (WizLab)
  A deep elf annihilator (Elf:3)
  2 rakshasas (D:15)
  Azrael (Orc:4)
  2 deep elf death magi (Elf:2)
  Josephine (D:14)
  12 hydras
  A yaktaur captain (D:15)
  Harold (Volcano)
  2 ice dragons (IceCv)
  5 centaur warriors
  4 catoblepae
  14 dancing weapons
  6 death yaks (Lair:5)
  2 shock serpents (shapeshifter) (WizLab)
  16 deep elf knights
  Sonja (D:14)
  A sun demon (Orc:2)
  A fire crab (Lair:7)
  An iron golem (WizLab)
  A soul eater (Elf:3)
  6 orc high priests
  A skeletal warrior (D:15)
  4 unseen horrors
  A harpy (shapeshifter) (WizLab)
  The ghost of Shenaniganizer the Covert, an experienced OpAs of Dithmenos (D:8)
  8 hill giants
  2 ice statues (IceCv)
  3 deep elf summoners
  A necromancer (D:15)
  3 orc sorcerers
  6 orc knights
  An orb spider (shapeshifter) (WizLab)
  A statue (Volcano)
  10 deep elf conjurers (Elf:1)
  6 cyclopes
  A phantasmal warrior (D:15)
  A sixfirhy (D:15)
  2 hornets (shapeshifter) (WizLab)
  3 wolf spiders
  44 ugly things
  5 griffons
  2 hornets (Lair:8)
  A rust devil (Orc:4)
  2 salamanders (shapeshifter)
  A water nymph (shapeshifter) (D:15)
  A manticore (D:14)
  15 spiny frogs
  9 elephants
  A torpor snail (shapeshifter) (WizLab)
  A guardian serpent (Lair:8)
  A torpor snail (Lair:7)
  9 black mambas
  An orange demon (Elf:3)
  A gargoyle (D:10)
  4 kobold demonologists (D:15)
  7 komodo dragons
  2 yaktaurs (shapeshifter) (WizLab)
  4 centaur skeletons
  4 fire drakes
  2 elves (WizLab)
  A blue devil (Orc:3)
  A tengu conjurer (D:15)
  2 jumping spiders (shapeshifter) (WizLab)
  A polar bear (Lair:7)
  A two-headed ogre (D:9)
  A fire drake (shapeshifter) (WizLab)
  8 deep elf priests
  A polar bear (shapeshifter) (WizLab)
  5 freezing wraiths
  7 large abominations (WizLab)
  A snapping turtle (shapeshifter) (WizLab)
  2 raiju (shapeshifter)
  A baby alligator (shapeshifter) (D:14)
  A boulder beetle (D:15)
  14 slime creatures
  5 trolls
  A slime creature (shapeshifter) (D:14)
  8 blink frogs (Lair:5)
  A blink frog (shapeshifter) (WizLab)
  2 spriggans (shapeshifter) (WizLab)
  A trapdoor spider zombie (D:13)
  A centaur simulacrum (D:15)
  4 trolls (shapeshifter)
  2 trapdoor spiders (shapeshifter) (WizLab)
  56 yaks
  3 redbacks
  Sigmund (D:6)
  2 fire elementals (Orc:4)
  6 wraiths
  2 yaks (shapeshifter) (WizLab)
  2 shadows (D:15)
  28 deep elf fighters
  A redback (shapeshifter) (WizLab)
  4 water elementals (D:11)
  A wyvern (shapeshifter) (WizLab)
  A chaos spawn (Orc:4)
  2 fire bats (Volcano)
  15 deep elf magi
  2 wyverns (Lair:8)
  9 hippogriffs
  A golden eye (shapeshifter) (WizLab)
  3 hungry ghosts
  7 vampire mosquitoes
  5 basilisks
  A human (shapeshifter) (WizLab)
  4 humans (WizLab)
  3 wargs
  A basilisk (shapeshifter) (Elf:3)
  2 mottled dragons (D:15)
  4 hell hounds (Orc:4)
  A redback simulacrum (D:15)
  A soldier ant (shapeshifter) (D:15)
  15 porcupines
  13 spiders
  3 eyes of draining
  3 wasps
  25 ice beasts
  4 sky beasts
  An eye of draining (shapeshifter) (WizLab)
  37 orc warriors
  25 water moccasins
  20 centaurs
  A tengu (shapeshifter) (WizLab)
  A black bear (shapeshifter) (WizLab)
  2 phantoms (D:8)
  2 black bears
  2 boring beetles
  8 ogres
  A necrophage (D:8)
  19 crocodiles
  20 giant frogs
  5 big kobolds
  A brain worm (Lair:7)
  3 scorpions
  An electric eel (Lair:1)
  9 small abominations (WizLab)
  6 killer bees (D:8)
  A jelly (D:14)
  11 wights
  6 hounds
  4 lava snakes (Volcano)
  A wasp zombie (D:8)
  7 centaur zombies
  45 orc priests
  A giant frog skeleton (D:12)
  2 giant frog zombies
  A crimson imp (D:7)
  30 orc wizards
  Jessica (D:6)
  2 quasits
  Natasha (thrice) (D:4)
  14 iguanas
  5 hell rats (Lair:6)
  8 worker ants
  26 sheep
  A hound skeleton (D:5)
  A hound zombie (D:7)
  7 gnolls
  29 adders
  47 river rats
  10 shadow imps
  4 giant eyeballs (WizLab)
  3 oozes
  An adder skeleton (D:6)
  2 worms
  5 giant geckos
  202 orcs
  2 ball pythons
  3 bat skeletons
  5 giant cockroaches
  23 goblins
  20 hobgoblins
  7 jackals
  12 kobolds
  20 bats
  A giant cockroach zombie (D:6)
  2 giant gecko skeletons (D:6)
  8 giant newts
  8 quokkas
  A quokka zombie (D:9)
  11 rats
  4 ballistomycetes
  A butterfly (Lair:3)
  2 plants (Lair:8)
1352 creatures vanquished.

Vanquished Creatures (collateral kills)
  A deep elf blademaster (Elf:3)
  2 deep elf sorcerers (Elf:3)
  A deep elf death mage (Elf:3)
  5 dancing weapons (Elf:2)
  A soul eater (Orc:4)
  2 deep elf knights (Elf:2)
  3 orc knights (Orc:4)
  A sixfirhy (Orc:4)
  A rust devil (Orc:4)
  A red devil (Orc:4)
  2 deep elf priests (Elf:2)
  A fire elemental (Orc:4)
  3 deep elf magi (Elf:3)
  5 orc warriors (Orc:4)
  6 orc priests (Orc:4)
  2 orcs (Orc:4)
37 creatures vanquished.

Vanquished Creatures (others)
  A deep elf conjurer (Elf:3)
  A centaur skeleton (D:15)
  A hog (shapeshifter) (WizLab)
  A lost soul (Elf:2)
  An orc wizard (Orc:2)
  2 giant spores
  6 fungi
  A plant (Lair:8)
14 creatures vanquished.

Grand Total: 1403 creatures vanquished

Notes
Turn   | Place    | Note
--------------------------------------------------------------
     0 | D:1      | FedoraBrony69, the Minotaur Berserker, began the quest for the Orb.
     0 | D:1      | Reached XP level 1. HP: 19/19 MP: 0/0
   157 | D:1      | Reached skill level 4 in Fighting
   176 | D:1      | Reached XP level 2. HP: 14/27 MP: 1/1
   686 | D:1      | Acquired Trog's second power
   686 | D:1      | Reached XP level 3. HP: 32/34 MP: 2/2
  1233 | D:2      | Reached skill level 5 in Fighting
  1282 | D:2      | Reached XP level 4. HP: 39/42 MP: 3/3
  1585 | D:3      | Reached skill level 5 in Maces & Flails
  1589 | D:3      | Found an ancient bone altar of Kikubaaqudgha.
  1666 | D:3      | Found a burning altar of Makhleb.
  1687 | D:3      | Reached XP level 5. HP: 42/50 MP: 4/4
  2280 | D:4      | Found a staircase to the Ecumenical Temple.
  2291 | Temple   | Entered the Ecumenical Temple
  2570 | D:4      | Reached skill level 6 in Fighting
  2598 | D:4      | Noticed Natasha
  2611 | D:4      | Killed Natasha
  2620 | D:4      | Found a stormy altar of Qazlal.
  2660 | D:4      | Noticed a centaur
  2669 | D:4      | Killed a centaur
  2669 | D:4      | Reached XP level 6. HP: 46/58 MP: 5/5
  2748 | D:4      | Noticed Natasha
  2755 | D:4      | Killed Natasha
  3057 | D:4      | Noticed Natasha
  3060 | D:4      | Killed Natasha
  3071 | D:4      | Reached skill level 7 in Fighting
  3335 | D:5      | Entered Level 5 of the Dungeon
  3373 | D:5      | Found a white marble altar of Elyvilon.
  3501 | D:5      | Reached XP level 7. HP: 66/66 MP: 6/6
  3553 | D:5      | Acquired Trog's third power
  3869 | D:5      | Found a bloodstained altar of Trog.
  4195 | D:6      | Noticed Sigmund
  4209 | D:6      | Killed Sigmund
  4299 | D:6      | Found a radiant altar of Vehumet.
  4417 | D:6      | Found a glowing golden altar of the Shining One.
  4418 | D:6      | Noticed an angel
  4436 | D:6      | Found a basalt altar of Yredelemnul.
  4437 | D:6      | Noticed a profane servitor
  4501 | D:6      | Reached skill level 5 in Armour
  4633 | D:6      | Reached skill level 8 in Maces & Flails
  4633 | D:6      | Reached XP level 8. HP: 55/74 MP: 7/7
  4643 | D:6      | Found a snail-covered altar of Cheibriados.
  4710 | D:6      | Found a sparkling altar of Nemelex Xobeh.
  4710 | D:6      | Noticed Jessica
  4713 | D:6      | Killed Jessica
  4871 | D:7      | Found a shimmering altar of Xom.
  4875 | D:7      | Found a sacrificial altar of Ru.
  4877 | D:7      | Found a deep blue altar of Sif Muna.
  5443 | D:8      | Reached skill level 9 in Maces & Flails
  5477 | D:8      | Reached XP level 9. HP: 53/83 MP: 8/8
  5545 | D:8      | Found a staircase to the Lair.
  5573 | D:8      | Found an iron altar of Okawaru.
  6057 | D:8      | Noticed Shenaniganizer's ghost (experienced OpAs)
  6072 | D:8      | Killed Shenaniganizer's ghost
  6072 | D:8      | Reached skill level 10 in Fighting
  6072 | D:8      | Reached skill level 10 in Maces & Flails
  6072 | D:8      | Reached skill level 10 in Armour
  6333 | D:8      | Gained mutation: Your system is resistant to poisons. [mutagenic meat]
  6334 | D:8      | Gained mutation: You are covered in fur (AC +1). [mutagenic meat]
  6335 | D:8      | Gained mutation: You are dopey. (Int -2) [mutagenic meat]
  6336 | D:8      | Gained mutation: Your natural rate of healing is unusually fast. [mutagenic meat]
  6407 | D:8      | Found a roughly hewn altar of Beogh.
  6596 | Lair:1   | Entered Level 1 of the Lair of Beasts
  6628 | Lair:1   | Reached XP level 10. HP: 68/93 MP: 9/9
  6675 | Lair:1   | Reached skill level 11 in Armour
  6684 | Lair:1   | Noticed a spiny frog
  6702 | Lair:1   | Killed a spiny frog
  6835 | Lair:1   | Got a twisted plate armour
  6843 | Lair:1   | Noticed a black mamba
  6846 | Lair:1   | Identified the cursed +1 plate armour of Minor Irritation {Str+8 Dex-2} (You found it on level 1 of the Lair of Beasts)
  6853 | Lair:1   | Killed a black mamba
  6861 | Lair:1   | Reached skill level 12 in Armour
  7034 | Lair:1   | Noticed a spiny frog
  7034 | Lair:1   | Noticed a five-headed hydra
  7042 | Lair:1   | Killed a five-headed hydra
  7046 | Lair:1   | Killed a spiny frog
  7301 | Lair:1   | Noticed a spiny frog
  7306 | Lair:1   | Killed a spiny frog
  7919 | Lair:2   | Received a gift from Trog
  7940 | Lair:2   | Reached XP level 11. HP: 88/102 MP: 10/10
  7949 | Lair:2   | Reached skill level 13 in Armour
  8971 | Lair:3   | Reached skill level 14 in Armour
 10347 | Lair:4   | Found a hole to the Spider Nest.
 10351 | Lair:4   | Reached skill level 1 in Shields
 10708 | Lair:4   | Reached XP level 12. HP: 102/113 MP: 11/11
 11166 | Lair:5   | Received a gift from Trog
 11169 | Lair:5   | Got a slimy dire flail {god gift}
 11175 | Lair:5   | Identified the +1 dire flail of the Vestibule of Hell {drain, -Tele rElec rN+ Str+8} (Trog gifted it to you on level 5 of the Lair of Beasts)
 11192 | Lair:5   | Reached skill level 15 in Armour
 11211 | Lair:5   | Reached skill level 5 in Shields
 11361 | Lair:5   | Noticed a seven-headed hydra
 11370 | Lair:5   | Killed a seven-headed hydra
 11559 | Lair:5   | Noticed an eight-headed hydra
 11566 | Lair:5   | Killed an eight-headed hydra
 11575 | Lair:5   | Reached skill level 16 in Armour
 11674 | Lair:5   | Noticed an eight-headed hydra
 11681 | Lair:5   | Killed an eight-headed hydra
 11880 | Lair:5   | Found a staircase to the Shoals.
 12110 | Lair:6   | Noticed a catoblepas
 12117 | Lair:6   | Killed a catoblepas
 12117 | Lair:6   | Reached XP level 13. HP: 118/122 MP: 12/12
 12141 | Lair:6   | Noticed a five-headed hydra
 12151 | Lair:6   | Killed a five-headed hydra
 12410 | Lair:6   | Noticed a four-headed hydra
 12417 | Lair:6   | Killed a four-headed hydra
 12457 | Lair:6   | Found a sacrificial altar of Ru.
 13117 | Lair:7   | Received a gift from Trog
 13147 | Lair:7   | Reached skill level 17 in Armour
 13732 | Lair:8   | Entered Level 8 of the Lair of Beasts
 14405 | Lair:8   | Lost mutation: You are dopey. (Int -2) [mutagenic meat]
 14406 | Lair:8   | Gained mutation: You are agile. (Dex +2) [mutagenic meat]
 14407 | Lair:8   | Gained mutation: Your spells are a little easier to cast, but a little less powerful. [mutagenic meat]
 14408 | Lair:8   | Gained mutation: You are very agile. (Dex +4) [mutagenic meat]
 14785 | Lair:8   | Found a staircase to the Slime Pits.
 14849 | Lair:8   | Reached XP level 14. HP: 132/132 MP: 13/13
 15813 | D:9      | Found a shadowy altar of Dithmenos.
 16030 | D:10     | Entered Level 10 of the Dungeon
 16420 | D:10     | Reached skill level 10 in Shields
 16447 | D:10     | Received a gift from Trog
 16461 | D:10     | Reached skill level 18 in Armour
 16965 | D:11     | Found Qeowudgh's Armour Shoppe.
 16976 | D:11     | Bought a +2 pair of gloves for 165 gold pieces
 17553 | D:12     | Got a scorched flail
 17554 | D:12     | Identified the +7 flail of Bach {crush, rElec Str+3} (You found it on level 12 of the Dungeon)
 17662 | D:12     | Found a staircase to the Orcish Mines.
 17800 | D:12     | Noticed Frances
 17809 | D:12     | Killed Frances
 18038 | D:12     | Received a gift from Trog
 18051 | D:12     | Reached skill level 15 in Maces & Flails
 18195 | D:12     | Identified 3 scrolls of acquirement
 18262 | Orc:1    | Entered Level 1 of the Orcish Mines
 18280 | Orc:1    | Found Geta's Magic Scroll Shoppe.
 18787 | Orc:2    | Received a gift from Trog
 18922 | Orc:2    | Found Kias's Gadget Emporium.
 18958 | Orc:2    | Noticed an orc warlord
 18970 | Orc:2    | Killed an orc warlord
 19265 | Orc:2    | Found a roughly hewn altar of Beogh.
 20167 | Orc:3    | Received a gift from Trog
 20430 | Orc:4    | Entered Level 4 of the Orcish Mines
 20568 | Orc:4    | Found a dark tunnel.
 20577 | Volcano  | Entered a volcano
 20729 | Volcano  | Noticed Harold
 20730 | Volcano  | Found a burning altar of Makhleb.
 20747 | Volcano  | Killed Harold
 20767 | Volcano  | Received a gift from Trog
 21247 | Orc:4    | Noticed Azrael
 21255 | Orc:4    | Reached skill level 5 in Dodging
 21255 | Orc:4    | Reached XP level 15. HP: 125/139 MP: 4/14
 21407 | Orc:4    | Found a staircase to the Elven Halls.
 21447 | Orc:4    | Killed Azrael
 21541 | Orc:4    | Reached skill level 19 in Armour
 21725 | Orc:4    | Received a gift from Trog
 21753 | Orc:4    | Found Sofouf's Weapon Emporium.
 21753 | Orc:4    | Found Naosm's Gadget Emporium.
 21756 | Orc:4    | Found Ytaets's General Store.
 21757 | Orc:4    | Found Naghulosch's Assorted Antiques.
 21759 | Orc:4    | Bought a runed bronze ring for 140 gold pieces
 21844 | Orc:4    | Got a twisted shield
 21857 | Orc:4    | Identified the +5 shield of the Commoners {rElec rN+++ Int-3 Stlth-} (You acquired it on level 4 of the Orcish Mines)
 22489 | D:13     | Found Cuixon's Jewellery Emporium.
 22499 | D:13     | Bought a cursed amulet of inaccuracy for 30 gold pieces
 22499 | D:13     | Bought a +5 ring of intelligence for 618 gold pieces
 22552 | D:13     | Found Miraff's Antique Weapon Boutique.
 22559 | D:13     | Bought a shimmering dagger for 175 gold pieces
 22857 | D:13     | Found a burning altar of Makhleb.
 22943 | D:14     | Found a gate to the Vaults.
 22947 | D:14     | Noticed a storm dragon
 22947 | D:14     | a queen ant changed into a storm dragon
 22949 | D:14     | a storm dragon changed into a queen ant
 22985 | D:14     | Gained mutation: Your body sometimes deteriorates upon taking damage. [mutagenic meat]
 22986 | D:14     | Lost mutation: You are very agile. (Dex +4) [mutagenic meat]
 22993 | D:14     | Gained mutation: You can breathe flames. [mutagenic meat]
 23194 | D:14     | Received a gift from Trog
 23275 | D:14     | Lost mutation: Your spells are a little easier to cast, but a little less powerful. [mutagenic meat]
 23276 | D:14     | Gained mutation: Armour fits poorly on your strangely shaped body. [mutagenic meat]
 23277 | D:14     | Gained mutation: You are resistant to electric shocks. [mutagenic meat]
 23278 | D:14     | Lost mutation: You can breathe flames. [mutagenic meat]
 23281 | D:14     | Gained mutation: Your body often deteriorates upon taking damage. [mutagenic meat]
 23315 | D:14     | Noticed Sonja
 23319 | D:14     | Killed Sonja
 23326 | D:14     | Noticed Josephine
 23333 | D:14     | Killed Josephine
 23343 | D:14     | Lost mutation: Your body often deteriorates upon taking damage. [potion of cure mutation]
 23343 | D:14     | Lost mutation: Your natural rate of healing is unusually fast. [potion of cure mutation]
 23343 | D:14     | Lost mutation: Your system is resistant to poisons. [potion of cure mutation]
 23343 | D:14     | Lost mutation: Armour fits poorly on your strangely shaped body. [potion of cure mutation]
 23343 | D:14     | Lost mutation: You are agile. (Dex +2) [potion of cure mutation]
 23380 | D:14     | Gained mutation: You are partially covered in molten scales (AC +1). [potion of beneficial mutation]
 23460 | D:14     | Noticed an azure jelly
 23480 | D:14     | Killed an azure jelly
 23491 | D:14     | Found a frozen archway.
 23497 | IceCv    | Entered an ice cave
 23831 | IceCv    | Got a fine amethyst amulet
 23833 | IceCv    | Got a smoking lead ring
 23842 | IceCv    | Identified the ring of Inwolemi {+Inv MR++ Slay+3} (You found it in an ice cave)
 23843 | IceCv    | Identified the +9 dagger "Xehiyg" {vamp, rF+ rN+ Str+6} (You bought it in a shop on level 13 of the Dungeon)
 23845 | IceCv    | Identified the amulet "Obegukhli" {Inacc MP-9 Dex+6} (You found it in an ice cave)
 24042 | D:14     | Noticed Agnes
 24056 | D:14     | Killed Agnes
 24358 | D:14     | Gained mutation: You can spit weak poison. [mutagenic meat]
 24359 | D:14     | Gained mutation: You are weak. (Str -2) [mutagenic meat]
 24400 | D:15     | Entered Level 15 of the Dungeon
 24411 | D:15     | Received a gift from Trog
 24559 | D:15     | Lost mutation: Your body sometimes deteriorates upon taking damage. [mutagenic meat]
 24560 | D:15     | Gained mutation: You can translocate small distances at will. [mutagenic meat]
 24561 | D:15     | Lost mutation: You are covered in fur (AC +1). [mutagenic meat]
 24562 | D:15     | Gained mutation: Your system is resistant to poisons. [mutagenic meat]
 24563 | D:15     | Gained mutation: You have very sharp teeth. [mutagenic meat]
 24566 | D:15     | Found a burning altar of Makhleb.
 24566 | D:15     | Found a stormy altar of Qazlal.
 24566 | D:15     | Found an ancient bone altar of Kikubaaqudgha.
 24581 | D:15     | Reached skill level 1 in Evocations
 24581 | D:15     | Reached XP level 16. HP: 137/147 MP: 15/15
 24685 | D:15     | Gained mutation: You have extremely sharp teeth. [mutagenic meat]
 24739 | D:15     | Reached skill level 20 in Armour
 24954 | D:15     | Noticed a storm dragon
 24972 | D:15     | Killed a storm dragon
 25274 | D:15     | Noticed a sphinx
 25295 | D:15     | Killed a sphinx
 25421 | D:15     | Got an ichor-stained whip {drain}
 25453 | D:15     | Gained mutation: Your body sometimes deteriorates upon taking damage. [potion of mutation]
 25453 | D:15     | Gained mutation: Your flesh is cold resistant. [potion of mutation]
 25453 | D:15     | Gained mutation: Your mind is acute. (Int +2) [potion of mutation]
 25548 | D:15     | Lost mutation: Your system is resistant to poisons. [mutagenic meat]
 25549 | D:15     | Lost mutation: You can spit weak poison. [mutagenic meat]
 25550 | D:15     | Gained mutation: You are robust (+10% HP). [mutagenic meat]
 25567 | D:15     | Reached skill level 15 in Shields
 25757 | D:15     | Identified the +7 whip of the Equator {drain, Int+3} (You took it off a skeletal warrior on level 15 of the Dungeon)
 25764 | D:15     | Gained mutation: Scrolls take you a little longer to read. [mutagenic meat]
 25765 | D:15     | Gained mutation: You are partially covered in thin metallic scales (AC +2). [mutagenic meat]
 25862 | D:15     | Reached skill level 15 in Fighting
 25874 | D:15     | Received a gift from Trog
 25949 | D:15     | Found a staircase to the Depths.
 26749 | Elf:1    | Entered Level 1 of the Elven Halls
 26899 | Elf:1    | Found a magical portal.
 26904 | WizLab   | Entered Cigotuvi's Fleshworks
 26967 | WizLab   | Lost mutation: Your mind is acute. (Int +2) [mutagenic meat]
 27055 | WizLab   | Gained mutation: You have a somewhat thin skeletal structure (Dex +2, Stealth). [mutagenic meat]
 27056 | WizLab   | Lost mutation: You are partially covered in molten scales (AC +1). [mutagenic meat]
 27057 | WizLab   | Gained mutation: Your magical capacity is low (-10% MP). [mutagenic meat]
 27075 | WizLab   | Gained mutation: You are resistant to hostile enchantments. [mutagenic meat]
 27076 | WizLab   | Lost mutation: You have extremely sharp teeth. [mutagenic meat]
 27077 | WizLab   | Lost mutation: You are robust (+10% HP). [mutagenic meat]
 27085 | WizLab   | Received a gift from Trog
 27098 | WizLab   | Lost mutation: You are resistant to hostile enchantments. [mutagenic meat]
 27099 | WizLab   | Lost mutation: Your magical capacity is low (-10% MP). [mutagenic meat]
 27100 | WizLab   | Lost mutation: Scrolls take you a little longer to read. [mutagenic meat]
 27174 | WizLab   | Gained mutation: You can spit weak poison. [mutagenic meat]
 27175 | WizLab   | Gained mutation: You have sharp fingernails. [mutagenic meat]
 27176 | WizLab   | Gained mutation: Scrolls take you a little longer to read. [mutagenic meat]
 27299 | WizLab   | Paralysed by a giant eyeball for 3 turns
 27307 | WizLab   | Paralysed by a giant eyeball for 2 turns
 27314 | WizLab   | Paralysed by a giant eyeball for 3 turns
 27339 | WizLab   | Gained mutation: You evolve. [mutagenic meat]
 27340 | WizLab   | Gained mutation: You heal slowly when monsters are visible. [mutagenic meat]
 27365 | WizLab   | Paralysed by a giant eyeball for 2 turns
 27376 | WizLab   | Paralysed by a giant eyeball for 2 turns
 27416 | WizLab   | Lost mutation: Your flesh is cold resistant. [mutagenic meat]
 27418 | WizLab   | Gained mutation: You passively map a small area around you. [mutagenic meat]
 27419 | WizLab   | Lost mutation: Your body sometimes deteriorates upon taking damage. [mutagenic meat]
 27465 | WizLab   | Reached XP level 17. HP: 74/156 MP: 19/19
 27476 | WizLab   | Lost mutation: You have very sharp teeth. [mutagenic meat]
 27477 | WizLab   | Gained mutation: You are partially covered in iridescent scales (AC +4). [mutagenic meat]
 27489 | WizLab   | Identified Cigotuvi's Guide on Shifting Necromancy
 27901 | WizLab   | Gained mutation: Your system is resistant to poisons. [potion of mutation]
 27901 | WizLab   | Gained mutation: Your mind is acute. (Int +2) [potion of mutation]
 27902 | WizLab   | Gained mutation: You are occasionally teleported to nearby monsters. [potion of mutation]
 27903 | WizLab   | Lost mutation: Scrolls take you a little longer to read. [potion of mutation]
 27903 | WizLab   | Gained mutation: Your mind is very acute. (Int +4) [potion of mutation]
 27904 | WizLab   | Lost mutation: You heal slowly when monsters are visible. [potion of mutation]
 27904 | WizLab   | Lost mutation: You can spit weak poison. [potion of mutation]
 27905 | WizLab   | Lost mutation: You passively map a small area around you. [potion of mutation]
 27905 | WizLab   | Gained mutation: Your skin changes colour to match your surroundings (Stealth). [potion of mutation]
 27907 | WizLab   | Lost mutation: You are occasionally teleported to nearby monsters. [potion of mutation]
 27908 | WizLab   | Lost mutation: You are weak. (Str -2) [potion of beneficial mutation]
 27910 | WizLab   | Gained mutation: You have very sharp teeth. [potion of beneficial mutation]
 27911 | WizLab   | Gained mutation: You are agile. (Dex +2) [potion of beneficial mutation]
 27912 | WizLab   | Gained mutation: You have a pair of large horns on your head. [potion of beneficial mutation]
 27913 | WizLab   | Gained mutation: You are covered in fur (AC +1). [potion of beneficial mutation]
 27914 | WizLab   | Gained mutation: Your spells are a little harder to cast, but a little more powerful. [potion of beneficial mutation]
 27923 | WizLab   | Noticed Cigotuvi's Monster
 27930 | WizLab   | Reached skill level 5 in Evocations
 27937 | WizLab   | Killed Cigotuvi's Monster
 28063 | WizLab   | Lost mutation: Your mind is very acute. (Int +4) [mutagenic meat]
 28069 | WizLab   | Lost mutation: Your spells are a little harder to cast, but a little more powerful. [mutagenic meat]
 28070 | WizLab   | Lost mutation: You evolve. [mutagenic meat]
 28115 | WizLab   | Gained mutation: Armour fits poorly on your strangely shaped body. [mutagenic meat]
 28119 | WizLab   | Gained mutation: You have an increased reservoir of magic (+10% MP). [mutagenic meat]
 28120 | WizLab   | Lost mutation: Armour fits poorly on your strangely shaped body. [mutagenic meat]
 28222 | WizLab   | Received a gift from Trog
 28262 | WizLab   | Lost mutation: You are agile. (Dex +2) [mutagenic meat]
 28266 | WizLab   | Gained mutation: Your body sometimes deteriorates upon taking damage. [mutagenic meat]
 28274 | WizLab   | Lost mutation: You are partially covered in thin metallic scales (AC +2). [mutagenic meat]
 28713 | Elf:1    | Reached skill level 10 in Dodging
 28744 | Elf:1    | Found Muixug's Assorted Antiques.
 29084 | Elf:1    | Received a gift from Trog
 29370 | Elf:2    | Found a runed gate.
 29370 | Elf:2    | Found a runed gate.
 29370 | Elf:2    | Found a runed gate.
 29409 | Elf:2    | Noticed Louise
 29424 | Elf:2    | Killed Louise
 29688 | Elf:2    | Noticed Jorgrun
 29705 | Elf:2    | Killed Jorgrun
 30301 | Elf:3    | Entered Level 3 of the Elven Halls
 30387 | Elf:3    | Received a gift from Trog
 30397 | Elf:3    | Lost mutation: You have an increased reservoir of magic (+10% MP). [mutagenic meat]
 30398 | Elf:3    | Lost mutation: You are partially covered in iridescent scales (AC +4). [mutagenic meat]
 30554 | Elf:3    | Reached XP level 18. HP: 65/168 MP: 22/22
 30917 | Elf:3    | HP: 8/168 [acid (7)]
 30917 | Elf:3    | Shot with an arrow by a deep elf master archer

Action                   |  1- 3 |  4- 6 |  7- 9 | 10-12 | 13-15 | 16-18 || total
-------------------------+-------+-------+-------+-------+-------+-------++-------
Melee: Mace              |   107 |   162 |   378 |   517 |       |       ||  1164
       Dire flail        |       |       |       |   149 |   523 |       ||   672
       Flail             |       |       |       |       |   848 |   860 ||  1708
       Demon whip        |       |       |       |       |   205 |       ||   205
Invok: Berserk           |       |       |     3 |     4 |     9 |     3 ||    19
       Trog's Hand       |       |       |     2 |     2 |    12 |     4 ||    20
       Brothers in Arms  |       |       |       |       |     4 |     5 ||     9
Evoke: Wand              |       |       |       |       |       |     8 ||     8
  Use: Scroll            |       |       |     3 |       |    31 |     6 ||    40
       Potion            |       |       |       |       |     6 |    17 ||    23
 Stab: Petrified         |       |       |       |       |     2 |       ||     2
  Eat: Chunk             |     1 |     7 |    18 |    19 |    74 |   100 ||   219
       Beef jerky        |       |       |     1 |       |     1 |     2 ||     4
       Pizza             |       |       |       |     1 |       |     2 ||     3
